 Dungeon Crawl Stone Soup version 0.20.0-15-g7f486f2 (webtiles) character file.

102 Gargoyl the Skirmisher (level 4, -2/40 HPs)
             Began as a Draconian Abyssal Knight on June 22, 2017.
             Was a Believer of Lugonu.
             Slain by Grinder (6 damage)
             ... on level 2 of the Dungeon.
             The game lasted 00:04:58 (2025 turns).

Gargoyl the Skirmisher (Draconian Abyssal Knight)   Turns: 2025, Time: 00:04:58

Health: -2/40      AC:  6    Str: 13 (14) XL:     4   Next: 49%
Magic:  5/5        EV: 12    Int: 17 (18) God:    Lugonu [**....]
Gold:   50         SH:  0    Dex:  8 (11) Spells: 3/3 levels left

rFire    + . .     SeeInvis .   a - +1 hand axe
rCold    . . .     Gourm    .   (no shield)
rNeg     . . .     Faith    .   (armour unavailable)
rPois    .         Spirit   .   d - +0 hat
rElec    .         Reflect  .   (no cloak)
rCorr    .         Harm     .   f - +0 pair of gloves
MR       .....                  (no boots)
Stlth    +.........             (no amulet)
Regen    0.2/turn               n - ring of protection from fire
MPRegen  0.1/turn               (no ring)

@: brilliant
A: unfitting armour, horns 1, low mp 1, cold-blooded, AC +5
a: Depart the Abyss, Bend Space, Renounce Religion


You were on level 2 of the Dungeon.
You worshipped Lugonu.
Lugonu was pleased with you.
You were not hungry.

You visited 1 branch of the dungeon, and saw 3 of its levels.
You visited the Abyss 1 time.

You collected 50 gold pieces.

Inventory:

Hand Weapons
 a - a +1 hand axe (weapon)
Missiles
 k - 8 javelins (quivered)
Armour
 d - a +0 hat (worn)
 f - a +0 pair of gloves (worn)
Jewellery
 n - a ring of protection from fire (left hand)
Wands
 g - a wand of flame (19/48)
Scrolls
 e - a scroll of identify
Potions
 j - 2 potions of mutation
Comestibles
 b - 3 bread rations
 c - 3 fruits
 l - 4 royal jellies


   Skills:
 + Level 4.0 Fighting
 + Level 3.7 Axes
 + Level 0.1 Throwing
 + Level 2.5 Dodging
 + Level 0.4 Stealth
 + Level 2.1 Invocations


You had 3 spell levels left.
You didn't know any spells.

Dungeon Overview and Level Annotations

Branches:
Dungeon (3/15)

Altars:
The Shining One

Annotations:
D:2 Grinder


Innate Abilities, Weirdness & Mutations

Your plain brown scales are hard. (AC +5)
You cannot fit into any form of body armour.
You are cold-blooded and may be slowed by cold attacks.
You have a pair of small horns on your head.
Your magical capacity is low. (-10% MP)


Message History

You hit Grinder.
Grinder is heavily wounded.
Grinder gestures at you. Pain shoots through your body!
You barely miss Grinder.
Your tail-slap misses Grinder.
Grinder is heavily wounded.
Grinder gestures at you. Pain shoots through your body!
You hit Grinder. Your headbutt misses Grinder.
Grinder is severely wounded.
Grinder hits you.
* * * LOW HITPOINT WARNING * * *
You writhe in agony.
* * * LOW HITPOINT WARNING * * *
You hit Grinder.
Grinder is almost dead.
Grinder hits you.
* * * LOW HITPOINT WARNING * * *
You writhe in agony.
You die...

.#..........#.##.#######.........
.#..........#..#.# #.......##
##..........##.#.# #.......#
............##.#.# #.......##
....####+#####.#.# #........#
....####.# #...# #....###'#
.........# ##..# #....##.(.
....###########5.# #....##.#.
....##..........@# #....##)#.
....##.########### #...###.#.
.<..##.# #..####.#. ....##.#
######..#. .....#.# ##..###
.....#.# ##....#. .###.#.#
#....... ####.#.# ######.#
.....#.# #._.


You could see Grinder.

Vanquished Creatures
  Terence (D:2)
  2 adders (D:2)
  3 worms (D:2)
  2 dart slugs
  A leopard gecko (D:1)
  2 giant cockroaches (D:2)
  5 goblins
  6 hobgoblins
  4 jackals (D:3)
  A quokka (D:2)
  2 bats (D:1)
  7 frilled lizards
  5 kobolds
  6 rats
47 creatures vanquished.

Notes
Turn   | Place    | Note
-------+----------+-------------------------------------------
     0 | Abyss:1  | Gargoyl the Draconian Abyssal Knight began the quest for the Orb.
     0 | Abyss:1  | Reached XP level 1. HP: 19/19 MP: 2/2
    33 | Abyss:2  | Found a corrupted altar of Lugonu.
    56 | Abyss:2  | Found a corrupted altar of Lugonu.
    64 | Abyss:2  | Noticed an ancient zyme
    76 | Abyss:2  | Noticed a quasit
    81 | Abyss:2  | Noticed a small abomination
    82 | Abyss:2  | Noticed a small abomination
   108 | Abyss:3  | Noticed a worldbinder
   112 | D:1      | Escaped the Abyss
   164 | D:1      | Reached * piety under Lugonu
   318 | D:1      | Reached XP level 2. HP: 26/26 MP: 3/3
   818 | D:2      | Reached XP level 3. HP: 24/33 MP: 4/4
  1312 | D:2      | Found a glowing golden altar of the Shining One.
  1611 | D:2      | Noticed Terence
  1627 | D:2      | Killed Terence
  1627 | D:2      | Reached skill level 4 in Fighting
  1627 | D:2      | Reached XP level 4. HP: 31/40 MP: 5/5
  1926 | D:3      | Reached ** piety under Lugonu
  1949 | D:3      | Noticed Grinder
  2000 | D:3      | Paralysed by Grinder for 4 turns
  2013 | D:2      | Gained mutation: Your magical capacity is low. (-10% MP) [potion of mutation]
  2013 | D:2      | Gained mutation: You have a pair of small horns on your head. [potion of mutation]
  2013 | D:2      | Paralysed by Grinder for 2 turns
  2017 | D:2      | Paralysed by Grinder for 2 turns
  2025 | D:2      | Slain by Grinder

Skill      XL: |  1  2  3 |
---------------+----------+-----
Axes           | 3 |  3.7
Fighting       | 4 |  4.0
Throwing       | |  0.1
Dodging        | |  2.5
Stealth        | |  0.4
Invocations    | |  2.1

Action                   |  1- 3 |  4- 6 || total
-------------------------+-------+-------++-------
Melee: Hand axe          |   108 |    34 ||   142
       Tailslap          |    15 |     5 ||    20
Throw: Javelin           |     4 |       ||     4
Invok: Depart the Abyss  |     1 |       ||     1
  Use: Scroll            |     4 |       ||     4
       Potion            |       |     4 ||     4
 Stab: Sleeping          |     1 |       ||     1
  Eat: Chunk             |     2 |     2 ||     4
Armor: Skin              |    29 |    13 ||    42
Dodge: Dodged            |    73 |    39 ||   112
